 Dungeon Crawl Stone Soup version 0.30-a0-778-g2ef04afb54 (webtiles) character file.

Game seed: 1516153156002678026

3241 juan097 the Cleaver (level 9, -11/121 HPs)
             Began as a Minotaur Berserker on Feb 16, 2023.
             Was an Elder of Trog.
             Mangled by an orc warrior
             ... wielding a +3 demon trident of electrocution
              (20 damage)
             ... on level 7 of the Dungeon.
             The game lasted 00:16:43 (5390 turns).

juan097 the Cleaver (Minotaur Berserker)            Turns: 5390, Time: 00:16:43

Health: -11/121    AC: 12    Str: 26    XL:     9   Next: 67%
Magic:  8/8        EV: 12    Int:  4    God:    Trog [****..]
Gold:   54         SH:  5    Dex:  8    Spells: 8/8 levels left

rFire   . . .      SeeInvis .    a - +9 war axe of Deflation {freeze, +Blink rPois rC++ Dex-2}
rCold   + + .      Faith    .    (no shield)
rNeg    . . .      Spirit   .    L - +0 ring mail
rPois   +          Reflect  +    (helmet restricted)
rElec   .          Harm     .    v - +0 cloak
rCorr   .          Rampage  .    M - +0 pair of gloves
Will    .....                    (no boots) Stlth
                                 B - amulet of reflection
HPRegen 0.40/turn                l - +4 ring of protection
MPRegen 0.11/turn                (no ring)

@: berserking, very quick
A: horns 2, retaliatory headbutt
a: Renounce Religion, Evoke Blink, Berserk, Trog's Hand, Brothers in Arms


You were on level 7 of the Dungeon.
You worshipped Trog.
Trog was greatly pleased with you.
You visited 1 branch of the dungeon, and saw 7 of its levels.
You also visited: Bailey.

You collected 400 gold pieces.
You spent 346 gold pieces at shops.

Inventory:

Hand Weapons
 a - the +9 war axe of Deflation (weapon) {freeze, +Blink rPois rC++ Dex-2}
   (You found it on level 3 of the Dungeon)

   Dex:       It affects your dexterity (-2).
   rC:        It greatly protects you from cold.
   rPois:     It protects you from poison.
   +Blink:    It lets you blink.
 b - a +0 sling
 c - a +1 whip of venom
 A - a +2 broad axe of flaming
Missiles
 k - 5 boomerangs
 s - 3 poisoned darts
 u - 3 javelins
 w - 9 curare-tipped darts
Armour
 j - a +0 scale mail
 v - a +0 cloak (worn)
 L - a +0 ring mail (worn)
 M - a +0 pair of gloves (worn)
Jewellery
 l - a +4 ring of protection (left hand)
 B - an amulet of reflection (around neck)
 N - an amulet of guardian spirit
Wands
 y - a wand of quicksilver (7)
Scrolls
 e - 2 scrolls of noise
 f - a scroll of magic mapping
 m - 3 scrolls of fear
 n - 3 scrolls of blinking
 p - a scroll of vulnerability
 q - a scroll of brand weapon {unknown}
 t - 2 scrolls of fog
 z - a scroll of enchant weapon {unknown}
 E - a scroll of poison {unknown}
 F - 3 scrolls of teleportation
 H - a scroll of amnesia {unknown}
 J - a scroll of silence {unknown}
Potions
 d - a potion of resistance
 g - 2 potions of mutation {unknown}
 h - 2 potions of ambrosia
 i - 2 potions of might {unknown}
 o - 4 potions of attraction
 r - 3 potions of haste
 x - 2 potions of curing
 C - 4 potions of magic
 D - a potion of lignification
 G - a potion of flight
 I - 6 potions of heal wounds
 K - a potion of invisibility


   Skills:
 + Level 8.2 Fighting
 + Level 11.3 Axes
 + Level 6.2 Armour
 + Level 5.7 Dodging
 - Level 4.0 Stealth


You had 8 spell levels left.
You didn't know any spells.
Your spell library was empty.

Dungeon Overview and Level Annotations

Branches:
Dungeon (7/15)             Temple (0/1) D:7          Bailey (visited)

Altars:
Cheibriados
Dithmenos
Elyvilon
Fedhas
Gozag
Hepliaklqana
Nemelex Xobeh
Qazlal
Wu Jian
Yredelemnul

Shops:
D:3 *   D:5 ?


Innate Abilities, Weirdness & Mutations

You have a pair of horns on your head.
You reflexively headbutt those who attack you in melee.


Message History

Your Armour skill increases to level 6!
You hit the wyvern. You freeze the wyvern.
The wyvern is moderately wounded.
The wyvern barely misses you.
You hit the wyvern. You freeze the wyvern.
The wyvern is moderately wounded.
You block the wyvern's attack. The wyvern closely misses you.
You slash the wyvern! You freeze the wyvern.
The wyvern is severely wounded.
The wyvern bites you!
You slash the wyvern! You freeze the wyvern.
You kill the wyvern!
Trog accepts your kill.
An orc warrior comes into view.
It is wielding a +3 demon trident of electrocution.
You barely miss the orc.
The orc warrior shouts!
You headbutt the orc!
You kill the orc!
Trog accepts your kill.
The orc warrior throws a stone.
The stone hits you.
Items here: ) [ ††.
The orc warrior hits you from afar with a +3 demon trident of electrocution!
You are electrocuted!
Found 8 gold pieces.
The orc warrior hits you but does no damage.
You are electrocuted!!
You slash the orc warrior! You freeze the orc warrior.
The orc warrior is heavily wounded.
The orc warrior hits you with a +3 demon trident of electrocution.
* * * LOW HITPOINT WARNING * * *
You hit the orc warrior but do no damage.
The orc warrior is heavily wounded.
The orc warrior hits you with a +3 demon trident of electrocution!
* * * LOW HITPOINT WARNING * * *
A red film seems to cover your vision as you go berserk!
You feel yourself moving faster!
You feel mighty!
The orc warrior hits you with a +3 demon trident of electrocution!
* * * LOW HITPOINT WARNING * * *
You are electrocuted!!
You die...

,*,**,,,**,*,*,,,,,*,#..#.####...
,*,**,,,**,**,**,**,*#..#,*###.##
,*,,,,*,,,,***,#,*,**#..#,*#...#.
,*****,*****####.#####..#,*#.#.#.
,***,,,,,***.........#..#,...#.#,
,**,,,,,,,**,##**##).#..####.#.#,
,*,,,***,,,*,#$###.#.#...^#..#.##
,*,,** **,,*,*#.#.##.#.......#...
,,,,* *,,,,**#@###....#.#.##.#.
,*,,** **,,*,*#o#.##.#...........
,*,,,***,,,*,#.#*#.#.#......##.##
,**,,,,,,,**..#***##.#...........
,***,,,,,**#..,,,,,..#.#.#...#.#.
,*****,****##***,**###...#.....#.
,,,,,,,,,,,,,,,,,,,,.............
********************#..)##.......
*####*#..##...


You could see an orc warrior.

Vanquished Creatures
  An orc knight (Bailey)
  An unseen horror (D:7)
  A hornet (D:6)
  Grinder (D:5)
  A wyvern (D:7)
  A steam dragon (D:6)
  A water moccasin (D:7)
  A sky beast (D:7)
  2 black bears
  4 ogres
  Blork the orc (D:6)
  A necrophage (D:6)
  A bullfrog (D:7)
  3 scorpions
  3 howler monkeys
  An electric eel (D:6)
  2 hounds (D:4)
  2 jellies
  A gnoll bouda (D:7)
  2 iguanas
  3 orc wizards
  4 adders
  17 gnolls
  A shadow imp (D:7)
  2 ufetubi
  4 worms
  A dart slug (D:3)
  27 orcs
  6 ball pythons
  6 endoplasms
  2 giant cockroaches (D:3)
  10 goblins
  6 hobgoblins
  3 jackals (D:1)
  6 quokkas
  5 bats
  3 frilled lizards
  15 kobolds
  4 rats
156 creatures vanquished.

Notes
Turn   | Place    | Note
-------+----------+-------------------------------------------
     0 | D:1      | juan097 the Minotaur Berserker began the quest for the Orb.
     0 | D:1      | Reached XP level 1. HP: 19/19 MP: 0/0
    82 | D:1      | Reached XP level 2. HP: 25/27 MP: 1/1
    91 | D:1      | Reached skill level 4 in Axes
   338 | D:1      | Reached ** piety under Trog
   543 | D:1      | Reached XP level 3. HP: 28/33 MP: 2/2
   744 | D:2      | Found a faded altar of an unknown god.
  1463 | D:3      | Found a shadowy altar of Dithmenos.
  1524 | D:3      | Reached XP level 4. HP: 40/40 MP: 3/3
  1610 | D:3      | Reached skill level 1 in Stealth
  1630 | D:3      | Reached skill level 5 in Axes
  1763 | D:3      | Reached *** piety under Trog
  1912 | D:3      | Reached XP level 5. HP: 42/47 MP: 4/4
  2007 | D:3      | Found Zyedates's General Store.
  2116 | D:3      | Bought a +0 cloak for 58 gold pieces
  2116 | D:3      | Bought 3 curare-tipped darts for 46 gold pieces
  2116 | D:3      | Bought a potion of curing for 39 gold pieces
  2285 | D:3      | Identified the +9 war axe of Deflation {freeze, +Blink
                  | rPois rC++ Dex-2}
  2457 | D:4      | You fall into a shaft and drop 2 floors!
  2469 | D:6      | Reached skill level 5 in Fighting
  2469 | D:6      | Reached skill level 6 in Axes
  2500 | D:6      | Found a basalt altar of Yredelemnul.
  2502 | D:6      | Noticed Blork the orc
  2509 | D:6      | Reached XP level 6. HP: 53/56 MP: 5/5
  2513 | D:6      | Killed Blork the orc
  2569 | D:6      | Identified the +10 short sword "Voatyor" {spect, +Blink
                  | Dex+3}
  2706 | D:5      | Entered Level 5 of the Dungeon
  2751 | D:5      | Reached skill level 7 in Axes
  2764 | D:5      | Noticed Grinder
  2770 | D:5      | Killed Grinder
  2771 | D:5      | Reached XP level 7. HP: 62/63 MP: 6/6
  2792 | D:5      | Found Gissaakh's Magic Scroll Shop.
  2800 | D:5      | Bought a scroll of blinking for 105 gold pieces
  2833 | D:5      | Reached skill level 8 in Axes
  3055 | D:5      | Found a white marble altar of Elyvilon.
  3195 | D:4      | Reached XP level 8. HP: 64/70 MP: 7/7
  3418 | D:4      | Found a hazy altar of Hepliaklqana.
  3607 | D:5      | Reached skill level 9 in Axes
  3680 | D:5      | Bought a scroll of teleportation for 42 gold pieces
  3680 | D:5      | Bought a scroll of identify for 28 gold pieces
  3680 | D:5      | Bought a scroll of identify for 28 gold pieces
  3709 | D:6      | Reached **** piety under Trog
  3710 | D:6      | Reached skill level 10 in Axes
  3883 | D:6      | Found an ornate altar of the Wu Jian Council.
  3927 | D:6      | Noticed a hornet
  3934 | D:6      | Killed a hornet
  4182 | D:6      | Found a stormy altar of Qazlal.
  4302 | D:6      | Found a blossoming altar of Fedhas.
  4303 | D:6      | Found a snail-covered altar of Cheibriados.
  4505 | D:6      | Found an opulent altar of Gozag.
  4506 | D:6      | Found a sparkling altar of Nemelex Xobeh.
  4619 | D:7      | Reached XP level 9. HP: 63/79 MP: 8/8
  4682 | D:7      | Killed an unseen horror
  4683 | D:7      | Reached skill level 5 in Armour
  4724 | D:7      | Found a flagged portal.
  4818 | Bailey   | Entered a bailey
  5058 | Bailey   | Noticed an orc knight
  5087 | Bailey   | Killed an orc knight
  5088 | Bailey   | Reached skill level 11 in Axes
  5088 | Bailey   | Reached skill level 5 in Dodging
  5390 | D:7      | Mangled by an orc warrior

Illustrated notes

Levels and vault maps discovered:
D:1:      ncdulo_watergridlock, layout_rooms
D:2:      layout_loops_ring, ebering_ecumenical_altar_petrified
D:3:      layout_loops_cross, grunt_dithmenos_smoke_and_mirrors, serial_shops,
          nicolae_shop_waterfront, kennysheep_cross_bottleneck
D:4:      layout_rooms, mainiacjoe_overflow_alcove_4, serial_bayou_ford_a
D:5:      layout_rooms, elyvilon_altar_3, serial_shops, nicolae_shop_trees,
          patterned_corridor, uniq_grinder
D:6:      layout_cave_pods, grunt_temple_overflow_opulence,
          chequers_temple_overflow_statue_of_worship, amcnicky_altar_gilded,
          lemuel_coloured_pillars_altar, lemuel_round_altar, fountainhead,
          uniq_blork_the_orc
D:7:      layout_basic, mainiacjoe_overflow_alcove_1, temple_hall,
          enter_bailey_3, minmay_the_grid_2x2 [minmay_the_grid_square_x,
          minmay_the_grid_outer_circle, minmay_the_grid_box_x,
          minmay_the_grid_prize_trominoes]

Skill      XL: |  1  2  3  4  5  6  7  8  9 |
---------------+----------------------------+-----
Axes           | 4 5 6 7 8 10 11 | 11.3
Fighting       | 4 5 6 7 8 |  8.2
Stealth        | 1 2 3 4 |  4.0
Armour         | 4 6 |  6.2
Dodging        | 4 5 |  5.7

Action                     |  1- 3 |  4- 6 |  7- 9 || total
---------------------------+-------+-------+-------++-------
  Melee: Hand axe          |    74 |       |       ||    74
         Headbutt          |    11 |     8 |    18 ||    37
         War axe           |     2 |    69 |   131 ||   202
         Punch             |       |     1 |       ||     1
   Fire: Sling             |    29 |    33 |    22 ||    84
  Throw: Dart              |       |     5 |     5 ||    10
 Invoke: Trog's Hand       |       |     1 |     1 ||     2
         Berserk           |       |       |     2 ||     2
    Use: Scroll            |       |       |    15 ||    15
 Armour: Animal skin       |    13 |       |       ||    13
         Scale mail        |       |    30 |    39 ||    69
         Ring mail         |       |       |     2 ||     2
  Dodge: Dodged            |    52 |    40 |    60 ||   152
  Block: Other             |       |     1 |    34 ||    35

Table legend: (Time is in decaauts)
 A = Elapsed time spent in this place.
 B = Non-inter-level travel time spent in this place.
 C = Inter-level travel time spent in this place.
 D = Time resting spent in this place.
 E = Time spent auto-exploring this place.
 F = Levels seen in this place.
 G = Mean time per level.
                   A        B        C        D        E       F      G
               +--------+--------+--------+--------+--------+-----+--------+
         Total |   5435 |   5221 |    214 |     17 |   3988 |   8 |  679.4 |
       Dungeon |   4969 |   4755 |    214 |     17 |   3673 |   7 |  709.9 |
        Bailey |    466 |    466 |      0 |      0 |    314 |   1 |  466.0 |
               +--------+--------+--------+--------+--------+-----+--------+

Top non-repeatable levels by time:
     D:6: 1149 daAuts
     D:3: 939 daAuts
     D:2: 879 daAuts
     D:1: 591 daAuts
     D:5: 552 daAuts
     D:4: 521 daAuts
  Bailey: 466 daAuts
     D:7: 335 daAuts
